 Dungeon Crawl Stone Soup version 0.21.1-1-g345015f (console) character file.

105 fly the Poker (level 4, -1/72 HPs)
             Began as an Ogre Berserker on May 12, 2018.
             Was a Believer of Trog.
             Slain by Grinder (4 damage)
             ... on level 3 of the Dungeon.
             The game lasted 00:03:44 (1903 turns).

fly the Poker (Ogre Berserker)                      Turns: 1903, Time: 00:03:45

Health: -1/72      AC:  3    Str: 26    XL:     4   Next: 83%
Magic:  4/4        EV: 11    Int:  8    God:    Trog [**....]
Gold:   111        SH:  0    Dex:  9    Spells: 3/3 levels left

rFire    . . .     SeeInvis .   a - +0 spear
rCold    . . .     Gourm    .   (no shield)
rNeg     . . .     Faith    .   y - +0 animal skin
rPois    .         Spirit   .   (helmet restricted)
rElec    .         Reflect  .   (no cloak)
rCorr    .         Harm     .   (gloves unavailable)
MR       .....                  (boots unavailable)
Stlth    ..........             (no amulet)
HPRegen  0.22/turn              (no ring)
MPRegen  0.09/turn              (no ring)

@: berserking, very quick
A: large, unfitting armour, tough skin 1
a: Berserk, Trog's Hand, Burn Spellbooks, Renounce Religion


You were on level 3 of the Dungeon.
You worshipped Trog.
Trog was pleased with you.
You were very hungry.

You visited 1 branch of the dungeon, and saw 3 of its levels.

You collected 111 gold pieces.

Inventory:

Hand Weapons
 a - a +0 spear (weapon)
 b - a +0 short sword of holy wrath
Armour
 y - a +0 animal skin (worn)
Jewellery
 j - a cursed ring of loudness {unknown}
Scrolls
 i - a scroll of enchant armour
Potions
 e - a potion of degeneration {unknown}
 g - a potion of agility {unknown}
Comestibles
 c - 7 rations
 h - 2 chunks of flesh


   Skills:
 - Level 4.0 Fighting
 + Level 4.3 Polearms
 + Level 3.9 Dodging


You had 3 spell levels left.
You didn't know any spells.

Dungeon Overview and Level Annotations

Branches:
Dungeon (3/15)

Altars:

Annotations:
D:3 Grinder


Innate Abilities, Weirdness & Mutations

You are too large for most types of armour.
You have tough skin. (AC +1)


Message History

Grinder is heavily wounded.
Grinder hits you.
* * * LOW HITPOINT WARNING * * *
You writhe in agony.
* * * LOW HITPOINT WARNING * * *
A red film seems to cover your vision as you go berserk!
You feel yourself moving faster!
You feel mighty!
You are feeling very hungry.
Grinder closely misses you.
You puncture Grinder!
Grinder is severely wounded.
Grinder hits you.
* * * LOW HITPOINT WARNING * * *
Unknown command.
You hit Grinder.
Grinder is almost dead.
Grinder hits you.
* * * LOW HITPOINT WARNING * * *
You writhe in agony.
You die...

#.###.#..##..... #.#
#ยง#..(....... . #.#
#[#.###.......# #.#
#)### #.####.## #.#
#<#####........
###.######...........
#........+...........
#.########.5.........
.## #.#
####..@......... ...
#.# #...............
.5.. #h#
#....###+####+## .<.h
#.# #....# #.# .....
#.# #....#
#.####..... #.#
#....# #....h.....
#.# #....#
#.h#.####.# #.#
#....# #..#...(#.#
#.# #....#
#.#####.#.#


You could see Grinder.

Vanquished Creatures
  Jessica (D:3)
  Robin (D:3)
  An adder (D:2)
  An ooze (D:1)
  A dart slug (D:3)
  An orc (D:3)
  2 giant cockroaches (D:2)
  5 hobgoblins
  3 jackals
  A quokka (D:2)
  13 bats
  2 frilled lizards
  11 goblins
  3 kobolds (D:1)
  4 rats
50 creatures vanquished.

Notes
Turn   | Place    | Note
-------+----------+-------------------------------------------
     0 | D:1      | fly the Ogre Berserker began the quest for the Orb.
     0 | D:1      | Reached XP level 1. HP: 24/24 MP: 1/1
    41 | D:1      | Reached XP level 2. HP: 10/32 MP: 2/2
   612 | D:1      | Reached XP level 3. HP: 39/39 MP: 3/3
   848 | D:2      | Reached ** piety under Trog
   892 | D:2      | Noticed Robin
  1030 | D:3      | Killed Robin
  1198 | D:2      | Reached XP level 4. HP: 41/48 MP: 4/4
  1633 | D:3      | Noticed Jessica
  1641 | D:3      | Killed Jessica
  1725 | D:3      | Noticed Grinder
  1892 | D:3      | Paralysed by Grinder for 4 turns
  1903 | D:3      | HP: 3/72 [Grinder (1)]
  1903 | D:3      | Slain by Grinder

Skill      XL: |  1  2  3 |
---------------+----------+-----
Dodging        | 3 |  3.9
Polearms       | 4 |  4.3
Fighting       | |  4.0

Action                   |  1- 3 |  4- 6 || total
-------------------------+-------+-------++-------
Melee: Spear             |   109 |    61 ||   170
Invok: Berserk           |       |     1 ||     1
  Use: Scroll            |       |     2 ||     2
       Potion            |       |     1 ||     1
 Stab: Sleeping          |     1 |       ||     1
  Eat: Chunk             |     1 |     2 ||     3
Armor: Animal skin       |    40 |    21 ||    61
Dodge: Dodged            |    52 |    40 ||    92
